AoeStats
← Guará

Black Forest

510654326Analyzed
4v4 RM · 2d ago on Oct 2, 2026· 33m 18s· 8 players
Game mode
Random Map
Map size
Large (8 player)
Population
200
Speed
Normal
Resources
Standard
Victory
Conquest
Starting age
Dark Age
Ending age
Imperial Age
RankedLock teamsTeams togetherTeam positionsShared explorationLock speedFull tech treeHidden civsTurbo modeCheats
Victory
Defeat
🇺🇸 Bohemians · United States
958
+13
🇧🇷 Italians · Brazil
958
+13
🇧🇷 Persians · Brazil
851
+18
🇨🇱 Britons · Chile
816
+20
🇨🇴 Lithuanians · Colombia
946
-18
🇩🇪 Khmer · Germany
887
-16
🇺🇸 Huns · United States
877
-15
🇺🇸 Byzantines · United States
867
-15
Matasuegra27
10:59 Feudal Age
jeremy.z
0:30 Loom
14:31 Feudal Age
22:36 Castle Age
24:13 Fletching
30:02 Bodkin Arrow
ABSENT007
5:11 Loom
12:18 Feudal Age
15:04 Gold Mining
15:03 Double-Bit Axe
15:00 Horse Collar
18:09 Wheelbarrow
18:05 Stone Mining
23:55 Castle Age
22:38 Bloodlines
24:02 Scale Barding Armor
24:13 Forging
25:09 Husbandry
26:13 Heavy Plow
26:38 Chain Barding Armor
27:28 Gold Shaft Mining
27:39 Bow Saw
28:11 Iron Casting
28:18 Marauders
julian_venom
0:28 Loom
11:49 Feudal Age
13:05 Wheelbarrow
12:20 Double-Bit Axe
12:47 Horse Collar
23:37 Castle Age
22:03 Stone Mining
22:06 Gold Mining
24:36 Hand Cart
24:36 Bow Saw
24:29 Heavy Plow
24:31 Caravan
26:32 Scale Barding Armor
27:21 Bloodlines
27:12 Husbandry
32:50 Chain Barding Armor
doomslug
0:46 Loom
13:30 Feudal Age
15:14 Town Watch
17:28 Fletching
21:30 Castle Age
21:03 Double-Bit Axe
22:37 Bow Saw
22:09 Horse Collar
22:44 Crossbowman
23:56 Bodkin Arrow
26:01 Chemistry
Guará
2:14 Loom
9:39 Feudal Age
12:49 Horse Collar
13:08 Double-Bit Axe
16:17 Wheelbarrow
19:59 Castle Age
18:53 Scale Barding Armor
21:15 Bow Saw
21:11 Heavy Plow
21:28 Husbandry
21:47 Forging
29:27 Hand Cart
30:48 Town Watch
32:22 Kamandaran
33:40 Iron Casting
33:27 Chain Barding Armor
33:07 Padded Archer Armor
32:58 Fletching
aos.ceus
1:56 Loom
13:13 Feudal Age
18:58 Castle Age
17:16 Gold Mining
17:07 Horse Collar
17:21 Double-Bit Axe
19:55 Heavy Plow
22:11 Stone Mining
22:38 Bow Saw
28:24 Imperial Age
25:49 Fletching
26:00 Padded Archer Armor
26:55 Ballistics
26:59 Bodkin Arrow
28:05 Leather Archer Armor
30:53 Chemistry
29:55 Bracer
31:56 Conscription
31:57 Murder Holes
33:35 Wheelbarrow
DEMBOW
10:00 Feudal Age
11:16 Wheelbarrow
10:29 Double-Bit Axe
11:18 Loom
19:30 Castle Age
18:15 Gold Mining
18:08 Horse Collar
20:35 Hand Cart
21:58 Bow Saw
22:05 Stone Mining
25:36 Crossbowman
33:23 Imperial Age
32:15 Heavy Plow
32:53 Gold Shaft Mining
32:51 Yeomen
Connection lost

Rejoining the realm…

Still unreachable

The connection could not be restored.

Session expired

The server has moved on; the page needs a fresh start.